 Dungeon Crawl Stone Soup version 0.32-a0-961-gd60f5e5fc7 (webtiles) character file.

Game seed: 5497943834754743647

110 jasper the Chopper (level 4, 0/38 HPs)
             Began as a Mountain Dwarf Fighter on Apr 17, 2024.
             Was an Initiate of Gozag.
             Slain by a gnoll
             ... wielding a +0 whip
              (5 damage)
             ... on level 2 of the Dungeon.
             The game lasted 00:02:06 (1267 turns).

jasper the Chopper (Mountain Dwarf Fighter)         Turns: 1267, Time: 00:02:06

Health: 0/38       AC:  8    Str: 21    XL:     4   Next: 61%
Magic:  4/4        EV:  8    Int:  8    God:    Gozag
Gold:   108        SH:  3    Dex:  9    Spells: 3/3 levels left

rFire   + . .        a - +0 war axe
rCold   . . .        c - +0 buckler
rNeg    . . .        l - +2 scale mail {rF+}
rPois   .            (no helmet)
rElec   .            (no cloak)
rCorr   .            (no gloves)
SInv    .            (no boots)
Will    .....        (no amulet) Stlth
                     (no ring)
HPRegen 0.26/turn    (no ring)
MPRegen 0.09/turn

%: no passive effects
@: mighty, gold aura
A: runic magic, artefact enchanting
a: Renounce Religion, Potion Petition, Call Merchant, Bribe Branch


You were on level 2 of the Dungeon.
You worshipped Gozag.
Gozag was aware of your devotion.
You visited 1 branch of the dungeon, and saw 2 of its levels.

You collected 145 gold pieces.
You paid 37 gold pieces to Gozag.

Inventory:

Hand Weapons
 a - a +0 war axe (weapon)
 e - a +1 short sword of venom
Missiles
 f - 3 poisoned darts (quivered)
 m - 4 stones
Armour
 b - a +0 scale mail
 c - a +0 buckler (worn)
 l - a +2 scale mail of fire resistance (worn)
Scrolls
 h - a scroll of enchant armour {unknown}
 j - 2 scrolls of amnesia {unknown}
Potions
 g - a potion of brilliance {unknown}
 i - a potion of cancellation {unknown}
 k - a potion of lignification {unknown}


   Skills:
 - Level 3.2(1.6) Fighting
 + Level 6.0(3.0) Axes
 - Level 3.2(1.6) Armour
 - Level 3.2(1.6) Shields


You had 3 spell levels left.
You didn't know any spells.
Your spell library contained the following spells:

 Spells                   Type           Power      Damage    Failure   Level
 Brom's Barrelling Bould  Conj/Erth      0%         2d3       100%        4
 Fireball                 Conj/Fire      0%         3d3       100%        5
 Iskenderun's Battlesphe  Conj           0%         2d6       100%        5
 Conjure Ball Lightning   Conj/Air       0%         3x3d6     100%        6
 Orb of Destruction       Conj           0%         9d5       100%        7


Dungeon Overview and Level Annotations

Branches:
Dungeon (1/15)

Altars:
Ashenzari
Gozag


Innate Abilities, Weirdness & Mutations

Your spellcasting is much less encumbered by armour.
You can use scrolls of enchantment on lesser artefacts.


Message History

You closely miss the gnoll.
The gnoll is severely wounded.
The gnoll hits you but does no damage.
The gnoll hits you from afar with a +0 spear.
The gnoll closely misses you.
You take 3 damage, and have 21/38 hp.
You hit the gnoll.
You kill the gnoll!
The gnoll is distracted by your dazzling golden aura.
Things that are here:
6 gold pieces; a +0 club You barely miss the gnoll.
The gnoll is no longer distracted by gold.
The gnoll shouts!
The gnoll hits you with a +0 spear! The gnoll hits you with a +0 spear.
* * * LOW HITPOINT WARNING * * *
You take 13 damage, and have 9/38 hp.
MASSIVE DAMAGE!!
You hit the gnoll.
The gnoll is heavily wounded.
The gnoll hits you but does no damage.
You hit the gnoll.
The gnoll is severely wounded.
The gnoll barely misses you. The gnoll hits you with a +0 spear.
* * * LOW HITPOINT WARNING * * *
You take 1 damage, and have 8/38 hp.
You closely miss the gnoll.
The gnoll is severely wounded.
The gnoll completely misses you.
You hit the gnoll.
You kill the gnoll!
Your base Axes skill increases to level 6!
You closely miss the gnoll. The gnoll hits you with a +0 whip.
* * * LOW HITPOINT WARNING * * *
You block the gnoll's attack.
You take 5 damage, and have 4/38 hp.
You barely miss the gnoll. The gnoll barely misses you.
You feel very mighty all of a sudden. The gnoll hits you with a +0 whip.
You die...
Your body crumbles into a pile of gold.

.###############...##.........^..
...# #........#... #.....##.####
.#.####........#... ###'#.#..#
.#.............#... #.#...##
...............#... #...###
...............#### ###†..#
............#### #..†#.#
........##..#########.#.#.#
##########.....g@.......#.#
#..#########.#.#.# #....# #.#.#.#
#####+#.# . #.#.# #......g# ..
###.# #..........(...
#.#######g..g.. #..... ##'##


You could see a gnoll.

Vanquished Creatures
  5 gnolls (D:2)
  A dart slug (D:1)
  5 bats
  5 endoplasms
  A giant cockroach (D:2)
  4 goblins (D:1)
  4 hobgoblins
  9 jackals
  4 kobolds
  4 quokkas
  3 ball pythons (D:2)
  3 frilled lizards (D:1)
  3 rats
51 creatures vanquished.

Notes
Turn   | Place    | Note
-------+----------+-------------------------------------------
     0 | D:1      | jasper the Mountain Dwarf Fighter began the quest for the
                  | Orb.
     0 | D:1      | Reached XP level 1. HP: 19/19 MP: 1/1
   110 | D:1      | Reached skill level 3 in Axes
   156 | D:1      | Reached XP level 2. HP: 26/26 MP: 2/2
   278 | D:1      | Reached skill level 4 in Axes
   353 | D:1      | Reached XP level 3. HP: 25/31 MP: 3/3
   432 | D:1      | Found a faded altar of an unknown god.
   446 | D:1      | Prayed at the altar of an unknown god.
   446 | D:1      | Became a worshipper of Ashenzari the Shackled
   455 | D:1      | Fell from the grace of Ashenzari
   928 | D:1      | You fall into a shaft and drop 1 floor!
  1001 | D:2      | Found an opulent altar of Gozag.
  1006 | D:2      | Became a worshipper of Gozag Ym Sagoz the Greedy
  1018 | D:2      | Reached skill level 5 in Axes
  1029 | D:2      | Reached XP level 4. HP: 17/38 MP: 4/4
  1265 | D:2      | Reached skill level 6 in Axes
  1267 | D:2      | Slain by a gnoll

Illustrated notes

Levels and vault maps discovered:
D:1:      elethiomel_arrival_maze, layout_loops_cross,
          ebering_ecumenical_altar_abandoned
D:2:      layout_basic, basic_altar, kennysheep_flooded_box, nrook_mini_vaults

Skill      XL: |  1  2  3  4 |
---------------+-------------+-----
Axes           | 3 4 5 6 |  6.0
Fighting       | |  3.2
Armour         | |  3.2
Shields        | |  3.2

Action                     |  1- 3 |  4- 6 || total
---------------------------+-------+-------++-------
  Melee: War axe           |   111 |    32 ||   143
  Throw: Dart              |     1 |     1 ||     2
 Invoke: Renounce Religion |     1 |       ||     1
    Use: Potion            |     1 |     1 ||     2
 Armour: Scale mail        |   134 |    27 ||   161
  Dodge: Dodged            |    68 |    19 ||    87
  Block: Buckler           |    35 |     2 ||    37

Table legend: (Time is in decaauts)
 A = Elapsed time spent in this place.
 B = Non-inter-level travel time spent in this place.
 C = Inter-level travel time spent in this place.
 D = Time resting spent in this place.
 E = Time spent auto-exploring this place.
 F = Levels seen in this place.
 G = Mean time per level.
                   A        B        C        D        E       F      G
               +--------+--------+--------+--------+--------+-----+--------+
         Total |   1320 |   1320 |      0 |      0 |    923 |   2 |  660.0 |
       Dungeon |   1320 |   1320 |      0 |      0 |    923 |   2 |  660.0 |
               +--------+--------+--------+--------+--------+-----+--------+

Top non-repeatable levels by time:
     D:1: 960 daAuts
     D:2: 360 daAuts
